 Dungeon Crawl Stone Soup version bcrawl-1.19.2-6-g6a88ae04c9 (webtiles) character file.

Game seed: 2585377739775714821

483 Mrkan the Shield-Bearer (level 6, 0/62 HPs)
             Began as a Troll Fighter on Dec 30, 2019.
             Was a Follower of Yredelemnul.
             Slain by a bullfrog zombie (7 damage)
             ... on level 5 of the Dungeon.
             The game lasted 00:04:51 (3810 turns).

Mrkan the Shield-Bearer (Troll Fighter)             Turns: 3810, Time: 00:04:51

Health: 0/62       AC:  7    Str: 25    XL:     6   Next: 88%
Magic:  6/7        EV:  8    Int:  7    God:    Yredelemnul [*.....]
Gold:   104        SH:  9    Dex:  9    Spells: 5/5 levels left

rFire    . . .     SeeInvis .     - Unarmed
rCold    . . .     Gourm    +   a - +0 shield
rNeg     . . .     Faith    .   (armour unavailable)
rPois    +         Spirit   .   (helmet restricted)
rElec    .         Reflect  .   o - +0 cloak {+Inv}
rCorr    .         Harm     .   (gloves unavailable)
MR       .....                  (boots unavailable)
Stlth    +.........             (no amulet)
HPRegen  0.60/turn              r - ring of poison resistance
MPRegen  0.10/turn              (no ring)

@: no status effects
A: large, almost no armour, unfitting armour, claws 3, fast metabolism 3,
gourmand, regeneration 1, AC +6
a: Animate Remains, Renounce Religion, Evoke Invisibility


You were on level 5 of the Dungeon.
You worshipped Yredelemnul.
Yredelemnul was aware of your devotion.
You were not hungry.

You visited 1 branch of the dungeon, and saw 5 of its levels.

You collected 344 gold pieces.
You spent 240 gold pieces at shops.

Inventory:

Armour
 a - a +0 shield (worn)
 h - a scarf of spirit shield
 o - a +0 cloak of invisibility (worn)
Jewellery
 r - a ring of poison resistance (left claw)
Scrolls
 e - 4 scrolls of identify {unknown}
 f - a scroll of magic mapping {unknown}
 g - a scroll of remove curse {unknown}
 l - 2 scrolls of amnesia {unknown}
 m - 2 scrolls of enchant weapon {unknown}
 p - a scroll of teleportation {unknown}
Potions
 b - 3 potions of might
 d - 2 potions of lignification {unknown}
 i - 2 potions of degeneration {unknown}
 j - a potion of haste {unknown}
 k - a potion of brilliance {unknown}
 n - a potion of magic {unknown}
 q - a potion of berserk rage {unknown}
Comestibles
 c - 9 rations {!d}


   Skills:
 + Level 3.9 Fighting
 - Level 2.4 Dodging
 * Level 4.2 Shields
 - Level 2.0 Unarmed Combat
 + Level 2.9 Invocations


You had 5 spell levels left.
You didn't know any spells.
Your spell library contained the following spells:

 Spells                   Type           Power        Failure   Level  Hunger
 Summon Small Mammal      Summ           #...         78%         1    ##.....
 Call Imp                 Summ           #.....       89%         2    ###....
 Call Canine Familiar     Summ           #.......     98%         3    ####...
 Summon Ice Beast         Ice/Summ       #.......     100%        4    #####..
 Summon Lightning Spire   Summ/Air       #.......     100%        5    ######.


Dungeon Overview and Level Annotations

Branches:
Dungeon (5/12)             Temple (0/1) D:4

Altars:
Ashenzari
Dithmenos
Fedhas
Ru
Yredelemnul

Shops:
D:4 (   D:5 =


Innate Abilities, Weirdness & Mutations

You cannot wear most types of armour.
Your thick skin is tough. (AC +6)
You are too large for most types of armour.
You have claws for hands.
Your metabolism is lightning-fast.
You like to eat raw meat.
Your natural rate of healing is unusually fast.


Message History

* * * LOW HITPOINT WARNING * * *
The bullfrog hits your wight.
Your wight hits the bullfrog with a +2 spear.
You claw the bullfrog zombie!
The bullfrog zombie is severely damaged.
The bullfrog hits your wight. The bullfrog zombie barely misses you.
Your wight barely misses the bullfrog.
You closely miss the bullfrog zombie.
The bullfrog zombie is severely damaged.
The bullfrog hits your wight. You block the bullfrog zombie's attack.
The bullfrog snags a nearby millipede with its tongue.
The bullfrog misses your wight.
Your wight hits the bullfrog with a +2 spear.
The bullfrog dies!
Yredelemnul accepts your kill.
You barely miss the bullfrog zombie.
The bullfrog zombie is severely damaged.
The bullfrog zombie closely misses you. The bullfrog zombie hits you!
You die...
Your body rises from the dead as a mindless zombie.

##.....## #..!....#
#......# #.......
#......# #......# #
#..$.†Z## ###..
#....)z@######.....
###..###.........#
## ###....### ##
##..## ####. ##..#
##.... ##.##
##....)
#..###......
##.......>..
##.........


You could see a bullfrog zombie and a friendly wight.

Vanquished Creatures
  A crimson imp (D:4)
  Crazy Yiuf (D:4)
  3 adders
  A shadow imp (D:4)
  3 oozes
  2 worms
  3 dart slugs
  4 leopard geckos
  4 orcs
  A ball python (D:2)
  5 bats
  4 giant cockroaches
  8 goblins
  8 hobgoblins
  2 jackals (D:1)
  3 frilled lizards
  10 kobolds
  5 rats
68 creatures vanquished.

Vanquished Creatures (collateral kills)
  A water moccasin (D:5)
  An ogre (D:5)
  A bullfrog (D:5)
  A hound (D:4)
  2 orc wizards (D:4)
  An orc priest (D:4)
  2 worker ants
  4 adders
  A howler monkey skeleton (D:3)
  An adder zombie (D:5)
  A dart slug (D:4)
  A leopard gecko (D:4)
  4 orcs (D:4)
  A bat (D:2)
  A goblin (D:3)
  A frilled lizard (D:3)
  A leopard gecko skeleton (D:4)
25 creatures vanquished.

Grand Total: 93 creatures vanquished

Notes
Turn   | Place    | Note
-------+----------+-------------------------------------------
     0 | D:1      | Mrkan the Troll Fighter began the quest for the Orb.
     0 | D:1      | Reached XP level 1. HP: 22/22 MP: 0/0
   152 | D:1      | Reached XP level 2. HP: 25/29 MP: 1/1
   580 | D:1      | Reached XP level 3. HP: 36/36 MP: 2/2
  1274 | D:2      | Found a basalt altar of Yredelemnul.
  1295 | D:2      | Became a worshipper of Yredelemnul the Dark
  1414 | D:2      | Found a faded altar of an unknown god.
  1627 | D:2      | Found a sacrificial altar of Ru.
  2074 | D:3      | Gained mutation: Your natural rate of healing is unusually
                  | fast. [Troll growth]
  2074 | D:3      | Reached XP level 4. HP: 43/45 MP: 3/3
  2105 | D:3      | Reached skill level 3 in Shields
  2305 | D:3      | Reached * piety under Yredelemnul
  2305 | D:3      | Reached skill level 1 in Invocations
  2311 | D:3      | Found a shattered altar of Ashenzari.
  2813 | D:4      | Found a staircase to the Ecumenical Temple.
  2863 | D:4      | Found a shadowy altar of Dithmenos.
  2951 | D:4      | Reached XP level 5. HP: 53/53 MP: 5/5
  3079 | D:4      | Found a blossoming altar of Fedhas.
  3219 | D:4      | Found Foenejee's Weapon Shoppe.
  3470 | D:4      | Reached XP level 6. HP: 58/61 MP: 3/6
  3572 | D:4      | Found a runed door.
  3610 | D:4      | Noticed Crazy Yiuf
  3613 | D:4      | Killed Crazy Yiuf
  3693 | D:5      | Entered Level 5 of the Dungeon
  3705 | D:5      | Found Ischodiu's Jewellery Shoppe.
  3721 | D:5      | Noticed a water moccasin
  3727 | D:5      | Killed a water moccasin
  3737 | D:5      | Reached skill level 4 in Shields
  3766 | D:5      | Bought an uncursed ring of poison resistance for 240 gold
                  | pieces
  3810 | D:5      | Slain by a bullfrog zombie

Skill      XL: |  1  2  3  4  5  6 |
---------------+-------------------+-----
Fighting       | 3 |  3.9
Shields        | 3 4 |  4.2
Invocations    | 1 2 |  2.9
Dodging        | |  2.4
Unarmed Combat | |  2.0

Action                   |  1- 3 |  4- 6 || total
-------------------------+-------+-------++-------
Melee: Unarmed           |   138 |   111 ||   249
 Stab: Distracted        |       |     2 ||     2
       Sleeping          |       |     1 ||     1
  Eat: Chunk             |    15 |     8 ||    23
Armor: Skin              |    42 |    32 ||    74
Dodge: Dodged            |    42 |    38 ||    80
Block: Shield            |    62 |    56 ||   118
